AoeStats
← O salteador de ovelhas

Nomad

505106441Analyzed
2v2 RM · 24d ago on Sep 7, 2026· 47m 37s· 4 players
Game mode
Random Map
Map size
176×176
Population
200
Speed
Normal
Resources
Standard
Victory
Conquest
Starting age
Dark Age
Ending age
Imperial Age
RankedLock teamsTeams togetherTeam positionsShared explorationLock speedFull tech treeHidden civsTurbo modeCheats
Victory
Defeat
🇵🇹 Wu · Portugal
1047
+16
🇵🇹 Japanese · Portugal
1030
+16
🇭🇷 Celts · Croatia
1047
-16
🇭🇷 Malay · Croatia
1047
-16
O salteador de ovelhas
3:54 Loom
15:07 Feudal Age
15:38 Fishing Lines
19:41 Scale Barding Armor
21:41 Castle Age
20:12 Double-Bit Axe
21:02 Gold Mining
21:27 Forging
23:02 Wheelbarrow
23:56 Scale Mail Armor
25:07 Gold Shaft Mining
25:10 Bloodlines
25:02 Husbandry
25:01 Town Watch
25:21 Gillnets
26:57 Hand Cart
30:29 Iron Casting
30:15 Chain Barding Armor
30:59 Town Patrol
33:20 Chain Mail Armor
35:10 Sanctity
35:08 Fervor
37:48 Imperial Age
38:12 Bow Saw
37:52 Heavy Hei Guang Cavalry
Kingping
4:29 Loom
14:33 Feudal Age
15:02 Double-Bit Axe
19:23 Castle Age
17:39 Fletching
17:53 Padded Archer Armor
18:26 Horse Collar
19:12 Fishing Lines
20:32 Bodkin Arrow
21:44 Bow Saw
21:50 Scale Barding Armor
22:30 Thumb Ring
23:41 Medium Warships
22:53 Demolition Ship
24:31 Wheelbarrow
23:55 Gold Mining
25:34 Leather Archer Armor
26:16 Town Watch
28:17 Heavy Plow
29:25 Hand Cart
30:36 Stone Mining
31:55 Chain Barding Armor
35:18 Imperial Age
33:29 Ballistics
33:20 Masonry
33:52 Pikeman
34:33 Squires
34:21 Gambesons
35:28 Forging
35:19 Scale Mail Armor
35:58 Gold Shaft Mining
35:44 Arson
36:32 Parthian Tactics
36:12 Bracer
36:43 Ring Archer Armor
36:15 Scale Mail Armor
36:48 Heavy Cavalry Archer
38:11 Conscription
37:53 Yasama
37:49 Guard Tower
39:29 Two-Man Saw
39:15 Chain Mail Armor
39:35 Iron Casting
40:56 Keep
40:06 Arrowslits
41:41 Kataparuto
mkopri10
14:39 Feudal Age
15:09 Wheelbarrow
14:22 Double-Bit Axe
14:41 Fishing Lines
15:25 Gold Mining
17:19 Horse Collar
21:20 Castle Age
21:03 Husbandry
21:22 Hand Cart
22:23 Forging
24:11 Gold Shaft Mining
23:36 Gillnets
24:54 Bow Saw
25:54 Scale Barding Armor
25:28 Pikeman
27:48 Iron Casting
27:33 Stone Mining
28:14 Loom
29:54 Stone Shaft Mining
29:22 Heavy Plow
30:20 Squires
30:43 Treadmill Crane
35:37 Imperial Age
36:38 Chemistry
35:59 Ballistics
36:41 Crop Rotation
35:49 Halberdier
37:42 Conscription
38:36 Siege Engineers
40:14 Blast Furnace
44:33 Elite Battle Elephant
47:15 Heavy Scorpion
Atomicmarin
3:38 Loom
15:02 Feudal Age
15:46 Double-Bit Axe
17:04 Fishing Lines
20:49 Castle Age
19:19 Gold Mining
19:21 Stone Mining
20:46 Forging
21:59 Medium Warships
22:21 Gillnets
24:25 Iron Casting
25:03 Fletching
25:31 Masonry
26:08 Scale Mail Armor
25:31 Pikeman
26:37 Bow Saw
30:13 Gold Shaft Mining
30:15 Stone Shaft Mining
33:21 Imperial Age
32:38 Bodkin Arrow
33:10 Chain Mail Armor
33:13 Treadmill Crane
35:37 Chemistry
37:24 Guilds
37:59 Heavy Scorpion
41:32 Furor Celtica
45:53 Padded Archer Armor
45:39 Elite Skirmisher
47:16 Hoardings
47:22 Wheelbarrow
Connection lost

Rejoining the realm…

Still unreachable

The connection could not be restored.

Session expired

The server has moved on; the page needs a fresh start.